Cogmind - Beta 16 @@@ ROGUE MODE // 2025.12.05 @ 01:42:25 Player: JuustuToug Result: Destroyed by P-80 Master with Gamma Rifle Performance ------------- Evolutions (7) 3500 Regions Visited (26) 5200 Robots Destroyed (231) 1155 Value Destroyed (9375) 9375 Prototype IDs (72) 1440 Alien Tech Used (12) 2400 Bonus (9106) 9106 TOTAL SCORE: 32176 Bonus ------- Follower Combat Kills 1589 Forged Quantum Companion 2000 Registered with UFD 300 Met Optimus in HQ 500 Met Imprinter 300 Met Zhirov 300 Met Warlord at Base 500 MAIN.C Attacked Warlord 500 Warlord Defense Kills 54 Used Core Reset Matrix 3000 Scanned by Researcher 500 Friendly Fire -437 Cogmind --------- Core Integrity 0/1300 Matter 300/300 Energy 79/100 System Corruption 1% +Membrane Temperature Cool (46) Movement Core (200) Ox3 +NEM 1 Location -3/Section 7 Parts ------- > --- POWER (2) -------- (None) > --- PROPULSION (5) --- (None) > --- UTILITY (12) ----- Experimental Coolant Injector Machine Analyzer Advanced Signal Interpreter Melee Analysis Suite Core Physics Calibrator > --- WEAPON (2) ------- Sigix Broadsword > --- INVENTORY (5) ---- Light Antimatter Reactor Machine Analyzer Superquantum Companion Peak State ------------ > --- POWER ------------ Antimatter Reactor Particle Reactor > --- PROPULSION ------- Advanced VSS Leg Advanced VSS Leg Advanced VSS Leg Biometal Leg Enhanced Biometal Leg > --- UTILITY ---------- Experimental Coolant Injector High-capacity Storage Unit Machine Analyzer Advanced Signal Interpreter Melee Analysis Suite Experimental Core Analyzer Improved Transmission Jammer Advanced Force Field Core Physics Calibrator Microwarp Drive > --- WEAPON ----------- Superquantum Companion > --- INVENTORY -------- Angular Momentum Engine Light Antimatter Reactor Light Antimatter Reactor Light Particle Reactor Flexi-carbon Leg Advanced VSS Leg Quantum Shading Machine Machine Analyzer Hacking Drone Bay Vortex Rail Vortex Rail Long-range Missile Launcher Advanced Remote Datajack Sigix Broadsword [Rating: 178] Favorites ----------- Power Compact Particle Reactor Engine Heavy Ion Engine Power Core Fission Core Reactor Compact Particle Reactor Propulsion Carbon-fiber Leg Treads Light Treads Leg Carbon-fiber Leg Wheel Compact Wheel Utility High-capacity Storage Unit Device Experimental Sensor Array Storage High-capacity Storage Unit Processor Improved Signal Interpreter Hackware Hacking Suite Protection Medium Regenerative Plating Artifact Microwarp Drive Weapon Companion Sword Energy Gun Small Laser Energy Cannon Heavy Particle Cannon Ballistic Gun Heavy Assault Rifle Ballistic Cannon Light Cannon Launcher Long-range Missile Launcher Special Weapon CPS Tube Impact Weapon Mace Slashing Weapon Companion Sword Build | -11 -10 -9 -8 -8 -8 -8 -6 -6 -6 -6 -5 -5 -5 -5 -5 -5 -4 -4 -4 -4 -4 -4 -3 -3 -3 -3 ------- Run | Yrd Mat Mat Mat Sto Rec Scr Fac Low Low Zio Pro Fac Ext Cet Arc Hub Fac Was Fac Upp Upp War Pro Res Qua Sec Slots Evolved 14 | . . 2 2 . . . 4 . . . . 2 . . . . 2 . . . . . . 2 . . Power 1 | . . . . . . . . . . . . . . . . . 1 . . . . . . . . . Propulsion 3 | . . 1 1 . . . 1 . . . . . . . . . . . . . . . . . . . Utility 10 | . . 1 1 . . . 3 . . . . 2 . . . . 1 . . . . . . 2 . . Weapon . | . . . . . . . . . . . . . . . . . . . . . . . . . . . Parts Attached 210 | 8 13 16 20 11 1 4 8 . 2 2 4 17 16 1 . 2 4 4 17 6 . 9 . 18 16 11 Power 23 | 1 2 2 2 1 . . 1 . 2 . . 2 1 . . . 1 . 2 . . 1 . 2 2 1 Engine 11 | 1 1 2 2 1 . . . . 1 . . 2 . . . . . . 1 . . . . . . . Core 4 | . 1 . . . . . 1 . 1 . . . . . . . 1 . . . . . . . . . Reactor 8 | . . . . . . . . . . . . . 1 . . . . . 1 . . 1 . 2 2 1 Propulsion 69 | 2 4 7 9 5 . . 2 . . . 1 3 8 . . 1 . 3 7 2 . 3 . 6 3 3 Treads 6 | 2 . 4 . . . . . . . . . . . . . . . . . . . . . . . . Leg 61 | . 2 3 9 5 . . 2 . . . 1 3 8 . . 1 . 3 7 2 . 3 . 6 3 3 Wheel 2 | . 2 . . . . . . . . . . . . . . . . . . . . . . . . . Hover . | . . . . . . . . . . . . . . . . . . . . . . . . . . . Flight . | . . . . . . . . . . . . . . . . . . . . . . . . . . . Utility 89 | 2 3 3 4 2 1 1 4 . . 2 3 12 5 1 . 1 3 1 8 4 . 4 . 10 9 6 Device 49 | 1 . 3 2 2 . 1 2 . . 2 . 6 2 . . . 2 . 5 4 . 2 . 9 5 1 Storage 5 | 1 1 . . . . . . . . . . 2 1 . . . . . . . . . . . . . Processor 16 | . 1 . 2 . 1 . 1 . . . 1 2 . . . 1 1 . 2 . . 1 . . 1 2 Hackware 1 | . . . . . . . . . . . . . . . . . . . . . . . . . . 1 Protection 14 | . 1 . . . . . 1 . . . 2 2 2 1 . . . 1 1 . . 1 . 1 1 . Artifact 4 | . . . . . . . . . . . . . . . . . . . . . . . . . 2 2 Weapon 29 | 3 4 4 5 3 . 3 1 . . . . . 2 . . . . . . . . 1 . . 2 1 Energy Gun 5 | 1 2 . . 1 . . . . . . . . . . . . . . . . . 1 . . . . Energy Cannon 5 | . . 1 2 . . 2 . . . . . . . . . . . . . . . . . . . . Ballistic Gun 7 | 2 2 1 1 1 . . . . . . . . . . . . . . . . . . . . . . Ballistic Cannon 3 | . . 2 1 . . . . . . . . . . . . . . . . . . . . . . . Launcher 4 | . . . . 1 . . 1 . . . . . 1 . . . . . . . . . . . 1 . Special Weapon 2 | . . . . . . . . . . . . . 1 . . . . . . . . . . . 1 . Impact Weapon 1 | . . . 1 . . . . . . . . . . . . . . . . . . . . . . . Slashing Weapon 2 | . . . . . . 1 . . . . . . . . . . . . . . . . . . . 1 Piercing Weapon . | . . . . . . . . . . . . . . . . . . . . . . . . . . . Special Melee Weapon . | . . . . . . . . . . . . . . . . . . . . . . . . . . . Unidentified Prototypes 33 | . . 1 1 3 . 1 . . . . . 2 4 1 . . . . 2 . . 7 . 1 6 4 Corrupted Parts 1 | . . . . . . . . . . . . . . . . . . . 1 . . . . . . . System Corruption 5 | . . . . . . . . . . . . . . . . . . . 5 . . . . . . . Parts Lost 73 | . 8 3 7 . . . . . . . . 2 1 . . 2 . . 5 2 . . . 14 11 18 Power 8 | . 1 1 1 . . . . . . . . . . . . . . . . . . . . . 1 4 Propulsion 26 | . 4 . 4 . . . . . . . . . . . . 2 . . 1 1 . . . 3 3 8 Utility 33 | . . 1 . . . . . . . . . 2 1 . . . . . 4 1 . . . 11 7 6 Weapon 6 | . 3 1 2 . . . . . . . . . . . . . . . . . . . . . . . Highest Loss Streak 14 | . 3 1 5 . . . . . . . . 1 1 . . 2 . . 1 1 . . . 5 6 14 To Critical Strikes 2 | . . . . . . . . . . . . . . . . . . . . . . . . 1 1 . Average Backups 18 | 2 8 18 19 19 20 19 19 19 20 19 20 19 19 19 19 19 18 19 19 16 17 19 19 18 13 15 Power 2 | . 1 1 1 . 1 1 1 2 2 2 2 2 2 2 2 2 2 2 2 4 4 3 3 3 6 4 Propulsion 4 | . 1 5 4 3 4 4 3 4 4 4 3 4 5 5 5 5 4 4 3 2 3 5 6 6 1 3 Utility 6 | . 2 3 4 6 7 7 8 8 9 9 10 9 8 9 9 9 9 10 9 7 7 7 8 6 1 3 Weapon 4 | . 2 7 8 8 8 7 4 4 4 3 3 3 3 3 3 3 3 3 3 3 3 2 2 2 3 4 Tool/Special . | . . . . . . . . . . . . . . . . . . . . . . . . . . . Unused Backups 76 | . . 7 5 8 1 5 3 3 . 4 2 6 8 . . . . 2 4 . . 5 . 4 2 7 Power 14 | . . . 2 2 . . . . . . . . 1 . . . . . 1 . . 1 . . 2 5 Propulsion 15 | . . 2 . 3 . . . . . . . 1 4 . . . . . . . . 2 . 3 . . Utility 28 | . . 1 1 2 1 1 1 3 . 2 2 5 2 . . . . 2 3 . . . . 1 . 1 Weapon 19 | . . 4 2 1 . 4 2 . . 2 . . 1 . . . . . . . . 2 . . . 1 Tool/Special . | . . . . . . . . . . . . . . . . . . . . . . . . . . . Average Slot Usage (%) 92 | . 95 97 98 99 100 94 92 93 93 93 93 92 87 91 94 93 93 93 93 93 94 92 89 89 83 82 Engine 3 | . 9 9 9 8 9 9 . . . . . 2 4 . . . . . . . . . . . . . Core 1 | . 4 1 . . . . 5 6 5 6 6 2 . . . . 4 5 1 . . . . . . . Reactor 2 | . . . . . . . . . . . . . . 5 5 5 5 4 8 10 10 8 5 4 8 8 Treads 2 | . 13 22 2 . . . . . . . . . . . . . . . . . . . . . . . Leg 27 | . 8 10 31 36 36 36 32 33 33 33 33 29 28 29 29 28 26 26 25 25 26 26 26 23 21 22 Device 17 | . 9 9 17 18 13 13 19 20 20 20 20 19 9 8 11 12 17 15 17 25 26 25 25 28 19 16 Storage 6 | . 14 11 9 9 9 9 6 6 6 6 6 5 5 5 5 5 5 5 5 5 5 5 5 4 4 4 Processor 13 | . 1 11 9 9 13 13 12 13 13 13 13 16 17 17 17 17 18 21 19 15 15 15 15 14 16 18 Protection 5 | . 2 . . . . . 5 6 6 6 6 7 12 17 17 15 10 10 9 5 5 5 5 7 4 . Energy Cannon 1 | . . 2 8 8 9 4 . . . . . . . . . . . . . . . . . . . . Ballistic Gun 2 | . 18 3 1 9 9 4 . . . . . . . . . . . . . . . . . . . . Ballistic Cannon 1 | . . 11 7 . . . . . . . . . . . . . . . . . . . . . . . Slashing Weapon 3 | . . . . . . 4 6 6 6 6 6 5 5 5 5 5 5 5 5 5 5 5 5 4 4 4 Peak Build Rating 178 | 7 10 14 29 35 34 36 64 63 64 66 69 85 97 97 95 101 110 104 124 115 109 134 135 153 158 178 Average Rating 75 | 5 7 12 26 30 33 34 61 63 63 64 65 77 90 93 95 95 104 101 112 109 107 120 130 144 125 155 On Entrance 73 | . 7 10 14 26 35 34 36 63 63 64 66 65 82 92 95 95 99 104 103 111 109 109 133 130 126 124 Avg Prop Armor Cover (%) 11 | . 11 . . . . . . . . . . . . . . . . . . . 4 . . . . . Naked Turns . | . . . . . . . . . . . . . . . . . . . . . . . . . . . Heaviest Build 119 | 14 49 53 66 64 64 59 67 62 68 69 66 88 93 93 78 78 94 92 99 91 86 104 95 119 111 99 Greatest Support 131 | 40 40 60 60 60 60 60 78 78 78 78 83 91 113 100 100 108 108 103 125 120 110 115 115 131 126 119 Greatest Overweight (x) 15 | . 15 2 2 1 1 . . . . . . . . . . . . 1 . . . . . 1 . 3 Average Overweight (x) . | . 1 . . . . . . . . . . . . . . . . . . . . . . . . . Largest Inventory Capacity 20 | 8 20 20 20 20 20 20 20 20 20 20 20 20 20 20 20 20 20 20 20 20 20 20 20 20 20 20 Average Capacity 19 | 7 18 20 20 20 20 20 20 20 20 20 20 20 20 20 20 20 20 20 20 20 20 20 20 20 20 19 Most Carried 20 | 3 15 20 20 20 20 20 20 20 20 20 20 20 20 20 19 20 20 20 20 18 18 20 20 20 20 20 Average Carried 18 | 2 8 18 19 19 19 19 19 19 20 19 19 19 19 19 19 19 18 19 19 16 17 19 19 18 13 16 Final Capacity 20 | 8 20 20 20 20 20 20 20 20 20 20 20 20 20 20 20 20 20 20 20 20 20 20 20 20 20 5 Final Carried 20 | 3 13 20 19 20 20 20 20 20 20 20 20 20 20 19 19 20 18 20 18 17 18 20 20 9 18 3 Class Distribution -------------------- 47% | Scavenger-Mutant 16% | Mutant 13% | Infiltrator-Assassin 7% | Scavenger-Assassin 4% | Derelict-Assassin 3% | Commander-Mutant 3% | Derelict-Mutant Dominant Class ---------------- Mutant | -10/Materials Scavenger-Mutant | -9/Materials Scavenger-Mutant | -8/Materials Mutant | -8/Storage Mutant | -8/Recycling Mutant | -8/Scraptown Assassin | -6/Factory Infiltrator-Assassin | -6/Lower Caves Infiltrator-Assassin | -6/Lower Caves Infiltrator-Assassin | -6/Zion Derelict-Assassin | -5/Proximity Caves Scavenger-Mutant | -5/Factory Commander-Mutant | -5/Extension Scavenger-Mutant | -5/Cetus Scavenger-Mutant | -5/Archives Scavenger-Mutant | -5/Hub_04(d) Scavenger-Assassin | -4/Factory Scavenger-Assassin | -4/Waste Scavenger-Assassin | -4/Factory Scavenger-Mutant | -4/Upper Caves Scavenger-Mutant | -4/Upper Caves Scavenger-Mutant | -4/Warlord Scavenger-Mutant | -3/Proximity Caves Scavenger-Mutant | -3/Research Scavenger-Mutant | -3/Quarantine Scavenger-Mutant | -3/Section 7 Resources | -11 -10 -9 -8 -8 -8 -8 -6 -6 -6 -6 -5 -5 -5 -5 -5 -5 -4 -4 -4 -4 -4 -4 -3 -3 -3 -3 ----------- Run | Yrd Mat Mat Mat Sto Rec Scr Fac Low Low Zio Pro Fac Ext Cet Arc Hub Fac Was Fac Upp Upp War Pro Res Qua Sec Matter Collected 5664 | 292 380 576 583 321 51 50 100 . 20 10 50 323 494 22 . 184 . 170 396 273 26 140 30 458 429 286 Remotely 138 | . . 101 37 . . . . . . . . . . . . . . . . . . . . . . . Salvage Created 11242 | 153 740 741 1039 921 110 . 465 116 113 . 61 987 200 29 . 242 . 133 1267 318 155 16 65 1767 1147 457 Parts 576 | 7 35 52 61 52 6 . 17 3 1 . 2 40 6 . . 16 . 4 59 7 7 2 6 109 59 25 Haulers Intercepted 6 | . 2 1 . 3 . . . . . . . . . . . . . . . . . . . . . . Recyclers Shooed 2 | . . 1 1 . . . . . . . . . . . . . . . . . . . . . . . Parts Field Recycled . | . . . . . . . . . . . . . . . . . . . . . . . . . . . Retrieved Matter . | . . . . . . . . . . . . . . . . . . . . . . . . . . . Parts Self-Destructed 17 | . . . . . . . . . . . 3 . . . . . . . . 6 6 . 2 . . . Prevented . | . . . . . . . . . . . . . . . . . . . . . . . . . . . Parts Restored . | . . . . . . . . . . . . . . . . . . . . . . . . . . . Kills | -11 -10 -9 -8 -8 -8 -8 -6 -6 -6 -6 -5 -5 -5 -5 -5 -5 -4 -4 -4 -4 -4 -4 -3 -3 -3 -3 ------- Run | Yrd Mat Mat Mat Sto Rec Scr Fac Low Low Zio Pro Fac Ext Cet Arc Hub Fac Was Fac Upp Upp War Pro Res Qua Sec Combat Hostiles Destroyed 164 | . 15 16 27 12 1 . 1 . . . 1 12 3 . . 3 . . 18 5 3 1 4 22 16 4 Melee 81 | . . . . . . . 1 . . . 1 12 3 . . 3 . . 18 5 3 . . 17 15 3 Guns 24 | . 15 2 3 4 . . . . . . . . . . . . . . . . . . . . . . Cannons 50 | . . 14 23 7 1 . . . . . . . . . . . . . . . . . . 3 1 1 AOE 6 | . . . 1 . . . . . . . . . . . . . . . . . . 1 4 . . . Classes Destroyed 20 | 2 4 4 2 . . . . 1 . . . 1 . . . . . 1 1 . . . 1 1 1 1 Worker 13 | . . 3 2 . . . 1 . . . . . . . . 2 . . 1 . . . . 3 1 . Builder 4 | . . 1 . 1 . . . . . . . 1 . . . 1 . . . . . . . . . . Tunneler 5 | 3 . 1 . . . . . . . . . . . . . . . . . . . . . 1 . . Hauler 6 | . 2 1 . 3 . . . . . . . . . . . . . . . . . . . . . . Recycler 16 | 1 1 1 2 3 1 . 3 . . . . 2 . . . . . . 1 . . . . 1 . . Operator 9 | . 1 1 1 1 . . . . . . . 3 . . . . . . 1 . . . . . . 1 Drone 1 | . . . . . . . . . . . . . . . . . . . . . . . 1 . . . Watcher 10 | . . 4 2 1 . . . . . . . . . 1 . . . . . . . . . . 1 1 Swarmer 36 | . 3 4 11 3 . . . . . . . . . . . . . . 4 1 3 1 3 . 3 . Grunt 52 | . 12 8 11 5 . . . . . . . 9 1 . . . . . 1 2 . . . 1 1 1 Duelist 2 | . . . 1 . . . . . . . . . 1 . . . . . . . . . . . . . Researcher 2 | . . . . . . . . . . . . . . . . . . . . . . . . . . 2 Sentry 25 | . . 4 3 4 1 . 1 . . . 1 . 1 . . 1 . . 3 1 . . . 1 3 1 Specialist 3 | . . . . . . . . . . . . . . . . . . . . . . . . . 3 . Hunter 15 | . . . . . . . . . . . . . . . . . . . 6 . . . . 7 2 . Programmer 28 | . . . . . . . . . . . . 3 . . . 2 . . 4 1 . . . 12 4 2 Heavy 1 | . . . 1 . . . . . . . . . . . . . . . . . . . . . . . Behemoth 1 | . . . . . . . . . . . . . . . . . . . . . . . . 1 . . Decomposer 5 | . . . . . . . . 3 2 . . . . . . . . . . . . . . . . . Packrat 1 | . . . . . . . . . 1 . . . . . . . . . . . . . . . . . Samaritan 1 | . . . . . . . . 1 . . . . . . . . . . . . . . . . . . Martyr 2 | . . . . . . . . . . . . . . . . . . 2 . . . . . . . . Best Kill Streak 5 | 4 5 5 5 4 1 . 2 . . . 1 3 1 1 . 1 . . 5 3 3 1 4 4 4 1 Combat Bots Only 5 | . 5 5 4 3 1 . 1 . . . 1 3 1 . . 1 . . 5 3 3 1 4 3 3 1 Max Kills in Single Turn 4 | 1 1 2 4 1 1 . 1 1 1 . 1 1 1 1 . 1 . 1 2 1 1 1 3 1 1 1 Gunslinging . | . . . . . . . . . . . . . . . . . . . . . . . . . . . Exploded 3 | . . . 1 . . . . . . . . . . . . . . . . . . 1 3 . . . Melee 2 | . . . . . . . 1 . . . 1 1 1 . . 1 . . 2 1 1 . . 1 1 1 Uniques/NPCs Destroyed . | . . . . . . . . . . . . . . . . . . . . . . . . . . . Combat | -11 -10 -9 -8 -8 -8 -8 -6 -6 -6 -6 -5 -5 -5 -5 -5 -5 -4 -4 -4 -4 -4 -4 -3 -3 -3 -3 -------- Run | Yrd Mat Mat Mat Sto Rec Scr Fac Low Low Zio Pro Fac Ext Cet Arc Hub Fac Was Fac Upp Upp War Pro Res Qua Sec Hostile Shots Fired 1877 | . 105 79 113 46 12 . 40 . . . 7 96 66 48 2 42 . . 247 41 19 147 3 367 212 185 Missed 778 | . 28 19 24 11 1 . 12 . . . 4 36 31 17 1 14 . . 103 16 12 102 1 194 91 61 Deflected 16 | . . . . . . . . . . . . . . . . . . . . . . 3 . 3 8 2 Hits 1099 | . 77 60 89 35 11 . 28 . . . 3 60 35 31 1 28 . . 144 25 7 45 2 173 121 124 Melee 5 | . . . 4 . . . . . . . . 1 . . . . . . . . . . . . . . Projectile 1094 | . 77 60 85 35 11 . 28 . . . 3 59 35 31 1 28 . . 144 25 7 45 2 173 121 124 AOE 3 | . . . . . . . . . . . . 2 . . . . . . . . . . . 1 . . Critical Strikes 52 | . 1 1 5 . . . . . . . . 2 2 4 . 1 . . 10 5 . . . 13 3 5 Actively Blocked 1 | . . . . . . . . . . . . . . . . . . . . . . . . 1 . . Part Disruptions 3 | . . . . . . . . . . . . . . . . . . . . . 2 . . . . 1 Damage Taken 17609 | . 915 752 1322 299 113 . 174 . . . 86 1147 695 758 15 579 . . 2219 358 126 436 48 2933 2026 2608 Core 3388 | . 132 104 248 13 30 . 33 . . . 58 200 62 50 . 107 . . 255 43 28 35 24 381 440 1145 Absorbed by Shields 3122 | . . . 284 124 44 . 112 . . . . 21 88 . . . . . 404 131 47 164 . 903 360 440 Redirected to Core 91 | . . . . . . . . . . . . . . . . . . . . . . . . . 91 . Redirected to Shielding 115 | . 8 . . . . . . . . . . . . . . . . . . . . 47 . 60 . . Ignored by Resistances 1049 | . . . . . . . . . . . . 177 21 111 5 5 . . . 7 . 124 . 203 396 . Regen/Repaired (Parts) 2457 | . . . 87 . . . . . . . . . 62 100 28 100 10 174 242 78 30 372 80 228 866 . Core Remaining (%) 68 | 100 47 74 . . . 47 . . . . 89 . . . . 58 . . . . . . 66 . . . Volleys Fired 279 | 9 76 63 75 42 7 . . . . . . . 1 . . . . . . . . . 2 4 . . Largest 2 | 2 2 2 2 2 2 . . . . . . . 1 . . . . . . . . . 1 1 . . Hottest 112 | 60 60 98 112 98 98 . . . . . . . . . . . . . . . . . 43 45 . . Shots Fired 535 | 18 143 123 147 84 14 . . . . . . . 1 . . . . . . . . . 2 3 . . Gun 271 | 18 143 46 12 42 7 . . . . . . . . . . . . . . . . . . 3 . . Cannon 261 | . . 77 135 42 7 . . . . . . . . . . . . . . . . . . . . . Launcher 2 | . . . . . . . . . . . . . . . . . . . . . . . 2 . . . Special 1 | . . . . . . . . . . . . . 1 . . . . . . . . . . . . . Kinetic 326 | 10 93 99 75 42 7 . . . . . . . . . . . . . . . . . . . . . Thermal 193 | . 48 24 72 42 7 . . . . . . . . . . . . . . . . . . . . . Explosive 2 | . . . . . . . . . . . . . . . . . . . . . . . 2 . . . Electromagnetic 10 | 8 2 . . . . . . . . . . . . . . . . . . . . . . . . . Entropic 3 | . . . . . . . . . . . . . . . . . . . . . . . . 3 . . Robot Hit Streak 17 | 5 14 12 13 17 9 . . . . . . . 4 . . . . . . . . . 5 . . . Robot Miss Streak 4 | 2 3 4 2 2 1 . . . . . . . . . . . . . . . . . . . . . Penetration Max . | . . . . . . . . . . . . . . . . . . . . . . . . . . . Secondary Targets 3 | . 3 . . . . . . . . . . . . . . . . . . . . . . . . . Max Gunslinging Chain 1 | . 1 . . . . . . . . . . . . . . . . . . . . . . . . . Autonomous 18 | . . . . . . . . . . . . . . . . . . . . . . 2 . 7 5 4 Shots Hit Robots 710 | 12 94 80 108 55 11 . 15 4 3 . 1 54 18 9 . 23 . 3 64 15 4 1 1 75 41 19 Core Hits 321 | 5 41 39 48 25 2 . 8 2 1 . 1 22 7 3 . 6 . 2 32 7 4 . 6 30 20 10 Critical Kills 1 | . . . . 1 . . . . . . . . . . . . . . . . . . . . . . Critical Parts Destroyed 2 | . 1 . . 1 . . . . . . . . . . . . . . . . . . . . . . Critical Strikes 15 | . 1 4 2 2 . . . . . . . 2 . 2 . . . . . . . . . 2 . . Meltdown 1 | . . . . 1 . . . . . . . . . . . . . . . . . . . . . . Destroy 2 | . 1 . . 1 . . . . . . . . . . . . . . . . . . . . . . Blast 6 | . . 4 2 . . . . . . . . . . . . . . . . . . . . . . . Melee Attacks 551 | . . . 5 . . . 18 4 4 1 2 73 26 10 . 29 . 3 94 24 9 17 5 107 80 40 Impact 5 | . . . 5 . . . . . . . . . . . . . . . . . . . . . . . Slashing 546 | . . . . . . . 18 4 4 1 2 73 26 10 . 29 . 3 94 24 9 17 5 107 80 40 Piercing . | . . . . . . . . . . . . . . . . . . . . . . . . . . . Sneak Attacks 46 | . . . . . . . 5 4 3 . . 8 2 . . 4 . 3 3 3 . . . 6 1 4 Combat Hostiles 1 | . . . . . . . . . . . . . . . . . . . . . . . . 1 . . Follow-up Attacks 10 | . . . . . . . . . . . . 3 . . . . . . 1 1 . . . 3 1 1 Damage Inflicted 28755 | 182 1090 1333 2835 1213 222 . 766 318 230 . 53 2481 747 352 . 1106 . 237 3154 728 238 249 355 5574 3179 2113 Guns 2256 | 153 1041 402 182 406 72 . . . . . . . . . . . . . . . . . . . . . Cannons 5737 | . . 927 2257 800 150 . . . . . . . . . . . . . . . . 194 . 634 437 338 Explosions 783 | 29 41 . 358 . . . . . . . . . . . . . . . . . . . 355 . . . Melee 19881 | . . . 38 . . . 766 318 230 . 53 2481 747 344 . 1106 . 237 3154 728 238 55 . 4940 2742 1704 Ramming 98 | . 8 4 . 7 . . . . . . . . . 8 . . . . . . . . . . . 71 Kinetic 3685 | 45 668 1135 1359 406 72 . . . . . . . . . . . . . . . . . . . . . Thermal 3009 | 29 398 194 1438 800 150 . . . . . . . . . . . . . . . . . . . . . Explosive 355 | . . . . . . . . . . . . . . . . . . . . . . . 355 . . . Electromagnetic 124 | 108 16 . . . . . . . . . . . . . . . . . . . . . . . . . Impact 38 | . . . 38 . . . . . . . . . . . . . . . . . . . . . . . Slashing 19843 | . . . . . . . 766 318 230 . 53 2481 747 344 . 1106 . 237 3154 728 238 55 . 4940 2742 1704 Piercing . | . . . . . . . . . . . . . . . . . . . . . . . . . . . Phasic 1603 | . . . . . . . . . . . . . . . . . . . . . . 194 . 634 437 338 Highest Corruption 12 | . . . . . . . . . . . . 2 3 3 3 9 . . 8 8 2 2 . 6 12 12 Average Corruption 4 | . . . . . . . . . . . . 1 2 3 3 6 . . 5 6 2 2 . 3 7 6 Corruption Purged 11 | . . . . . . . . . . . . 2 . . . . . . . 6 . . . 3 . . Corruption Blocked . | . . . . . . . . . . . . . . . . . . . . . . . . . . . Effects 167 | . . . . . . . . . . . . 7 23 5 3 10 . . 19 15 6 . . 10 52 17 Message Errors 47 | . . . . . . . . . . . . 2 3 1 . 4 . . 7 6 1 . . 5 14 4 Matter Fused 44 | . . . . . . . . . . . . 3 8 2 1 3 . . 4 3 1 . . 3 12 4 Heat Flow Errors 13 | . . . . . . . . . . . . 2 1 . . . . . 3 2 . . . . 3 2 Energy Discharges 23 | . . . . . . . . . . . . . 6 2 . 1 . . 2 3 2 . . 1 5 1 Parts Rejected 1 | . . . . . . . . . . . . . . . . . . . . . . . . . 1 . Parts Fused 2 | . . . . . . . . . . . . . . . 1 . . . . . . . . . 1 . Data Loss (minor) 24 | . . . . . . . . . . . . . 2 . 1 2 . . 1 1 1 . . . 12 4 Data Loss (major) 7 | . . . . . . . . . . . . . 2 . . . . . 1 . . . . . 2 2 Alerts 5 | . . . . . . . . . . . . . 1 . . . . . 1 . 1 . . . 2 . Weapon Failures 1 | . . . . . . . . . . . . . . . . . . . . . . . . 1 . . Overload Shots . | . . . . . . . . . . . . . . . . . . . . . . . . . . . Overflow Damage 2199 | . . . 196 . . . 32 153 124 . . 213 49 1 . 131 . 64 237 99 . 5 16 512 162 205 Projectiles 181 | . . . 35 . . . . . . . . . . . . . . . . . . 5 . 54 31 56 Explosions 177 | . . . 161 . . . . . . . . . . . . . . . . . . . 16 . . . Melee 1841 | . . . . . . . 32 153 124 . . 213 49 1 . 131 . 64 237 99 . . . 458 131 149 Knockbacks 29 | . . 9 19 1 . . . . . . . . . . . . . . . . . . . . . . Impact 1 | . . . . 1 . . . . . . . . . . . . . . . . . . . . . . Kinetic 26 | . . 9 17 . . . . . . . . . . . . . . . . . . . . . . . Secondary 2 | . . . 2 . . . . . . . . . . . . . . . . . . . . . . . Self-Inflicted Damage 4 | . 4 . . . . . . . . . . . . . . . . . . . . . . . . . Shots . | . . . . . . . . . . . . . . . . . . . . . . . . . . . Rammed 1 | . 1 . . . . . . . . . . . . . . . . . . . . . . . . . Targets Rammed 11 | . 1 1 . 2 . . . . . . . . . 1 . . . . . . . . . . . 6 Kicked 10 | . . 1 . 2 . . . . . . . . . 1 . . . . . . . . . . . 6 Crushed . | . . . . . . . . . . . . . . . . . . . . . . . . . . . Highest Temperature 327 | 40 207 60 327 110 156 . . . . . . 135 215 3 . . . . 262 255 207 . . 61 187 134 Average Temperature 61 | 19 55 20 35 36 75 . . . . . . 60 93 3 . . . . 118 98 88 . . 16 68 63 Received Heat Transfer 3134 | . 456 291 405 90 30 . 67 . . . 9 458 158 135 9 9 . . 132 86 . 99 . 160 266 274 Effects 1 | . . . . . . . . . . . . . . . . . . . 1 . . . . . . . Interference 1 | . . . . . . . . . . . . . . . . . . . 1 . . . . . . . Siege Activations . | . . . . . . . . . . . . . . . . . . . . . . . . . . . Martial Activations . | . . . . . . . . . . . . . . . . . . . . . . . . . . . Shielding Activations . | . . . . . . . . . . . . . . . . . . . . . . . . . . . Robots Disrupted 8 | . . . . . . . 1 . . . . . 2 . . 1 . . 1 2 . . . 1 . . Combat Hostiles 6 | . . . . . . . 1 . . . . . 2 . . 1 . . 1 1 . . . . . . Robots Corrupted . | . . . . . . . . . . . . . . . . . . . . . . . . . . . Combat Hostiles . | . . . . . . . . . . . . . . . . . . . . . . . . . . . Parts Fried . | . . . . . . . . . . . . . . . . . . . . . . . . . . . Impact Corruptions . | . . . . . . . . . . . . . . . . . . . . . . . . . . . Robots Melted 1 | . . . . 1 . . . . . . . . . . . . . . . . . . . . . . Combat Hostiles 1 | . . . . 1 . . . . . . . . . . . . . . . . . . . . . . Parts Melted 10 | . 1 . . 2 1 . . . . . 1 3 . . . 1 . . . . . . . . 1 . Heat Transferred 4657 | 50 875 424 1902 1184 222 . . . . . . . . . . . . . . . . . . . . . Parts Sabotaged . | . . . . . . . . . . . . . . . . . . . . . . . . . . . Parts Stolen . | . . . . . . . . . . . . . . . . . . . . . . . . . . . Parts Stripped 27 | . . . . . . . . . . . . . . . . . . . . . . . . 15 . 12 Power Chain Reactions 2 | 1 1 . . . . . . . . . . . . . . . . . . . . . . . . . Alert | -11 -10 -9 -8 -8 -8 -8 -6 -6 -6 -6 -5 -5 -5 -5 -5 -5 -4 -4 -4 -4 -4 -4 -3 -3 -3 -3 ------- Run | Yrd Mat Mat Mat Sto Rec Scr Fac Low Low Zio Pro Fac Ext Cet Arc Hub Fac Was Fac Upp Upp War Pro Res Qua Sec Maximum Alert Level 2 | . . . 1 1 . . . . . . . 1 2 1 . . . . . . . . . 1 . . Low Security (%) 90 | 100 100 100 73 95 100 . 100 . . . . 91 68 . 100 100 100 100 100 . . . . 75 100 100 Level 1 7 | . . . 26 4 . . . . . . . 8 8 100 . . . . . . . . . 25 . . Level 2 1 | . . . . . . . . . . . . . 22 . . . . . . . . . . . . . Level 3 . | . . . . . . . . . . . . . . . . . . . . . . . . . . . Level 4 . | . . . . . . . . . . . . . . . . . . . . . . . . . . . Level 5 . | . . . . . . . . . . . . . . . . . . . . . . . . . . . High Security . | . . . . . . . . . . . . . . . . . . . . . . . . . . . Max Security . | . . . . . . . . . . . . . . . . . . . . . . . . . . . Peak Influence 677 | 10 106 176 324 203 98 . 50 . . . . 239 677 376 152 46 2 60 155 . . . . 300 152 60 Initial 376 | . . 18 34 118 65 . . . . . . 7 48 376 114 46 2 . . . . . . 300 112 12 Average 97 | 1 52 78 169 143 17 . 7 . . . . 104 201 338 106 16 . 9 44 . . . . 182 72 26 Influence Increases 7766 | 20 442 531 1015 436 179 . 128 . . . 140 491 1222 80 78 116 . 168 497 110 90 95 75 951 540 362 Destroy 0b10 Robot/C 4060 | . 300 320 540 240 20 . 20 . . . 80 300 600 60 40 60 . . 360 100 60 20 60 440 320 120 Destroy 0b10 Robot/NC 355 | 20 20 60 35 45 5 . 20 . . . . 30 30 5 . 15 . . 15 . 5 . 5 25 10 10 Destroy Leader 764 | . 74 90 94 68 . . 10 . . . 20 60 54 . . 20 . . 80 10 10 . 10 100 42 22 Allied During Kill 555 | . . . . . . . . . . . 40 34 462 13 6 . . . . . . . . . . . Successful Hack 279 | . 16 43 26 13 33 . 31 . . . . . 7 . . . . . 4 . . . . 36 39 31 Select Force Hacks 120 | . . . . . 120 . . . . . . . . . . . . . . . . . . . . . Disable Machine 495 | . 30 15 120 15 . . 15 . . . . 15 . . 15 15 . . 30 . . . . 30 75 120 Destroy Structure 373 | . 2 3 35 10 1 . 2 . . . . 22 54 2 2 6 . 168 8 . . . . 20 24 14 Advance Influence 300 | . . . . . . . . . . . . . . . . . . . . . . . . 300 . . Partial Spotted 45 | . . . . . . . . . . . . . 15 . . . . . . . . . . . . 30 Lose Combat Pursuer 420 | . . . 165 45 . . 30 . . . . 30 . . 15 . . . . . 15 75 . . 30 15 Influence Decreases 7766 | 20 398 492 815 551 347 . 128 . . . 127 405 648 467 232 243 5 168 372 235 25 92 143 750 718 385 Entered New Map 1238 | . . 26 49 165 103 . . . . . . 6 51 297 172 86 3 . . 47 . 65 68 . 89 11 Time Decay 5331 | 20 318 446 546 386 244 . 118 . . . 107 339 487 110 40 147 2 108 325 168 25 27 75 490 519 284 Search Patrol Dispatched 100 | . . . . . . . . . . . . . . . . . . . . . . . . 100 . . Lost Part 610 | . 80 20 70 . . . . . . . . 20 10 . . 10 . . 40 20 . . . 140 110 90 Lost Ally 337 | . . . . . . . 10 . . . 20 40 100 60 20 . . 60 7 . . . . 20 . . Purge Threat 150 | . . . 150 . . . . . . . . . . . . . . . . . . . . . . . Squads Dispatched 36 | . 4 1 1 3 . . 2 . . . . 5 2 . . 2 . . 5 . . . . 4 4 3 Investigation 2 | . . . . . . . 1 . . . . . 1 . . . . . . . . . . . . . Extermination 16 | . . . . . . . 1 . . . . 2 . . . 1 . . 3 . . . . 3 4 2 Reinforcement 16 | . 4 1 1 1 . . . . . . . 3 1 . . 1 . . 2 . . . . 1 . 1 Assault . | . . . . . . . . . . . . . . . . . . . . . . . . . . . Garrison 2 | . . . . 2 . . . . . . . . . . . . . . . . . . . . . . Intercept . | . . . . . . . . . . . . . . . . . . . . . . . . . . . Searches Triggered 1 | . . . . . . . . . . . . . . . . . . . . . . . . 1 . . Construction Impeded 1 | . . . . . . . . . . . . . 1 . . . . . . . . . . . . . Haulers Reinforced . | . . . . . . . . . . . . . . . . . . . . . . . . . . . Active Scanning Responses . | . . . . . . . . . . . . . . . . . . . . . . . . . . . Cargo Convoy Interrupts . | . . . . . . . . . . . . . . . . . . . . . . . . . . . Stealth | -11 -10 -9 -8 -8 -8 -8 -6 -6 -6 -6 -5 -5 -5 -5 -5 -5 -4 -4 -4 -4 -4 -4 -3 -3 -3 -3 --------- Run | Yrd Mat Mat Mat Sto Rec Scr Fac Low Low Zio Pro Fac Ext Cet Arc Hub Fac Was Fac Upp Upp War Pro Res Qua Sec Distress Signals 19 | . . . 4 3 . . . . . . . . 3 1 . . . . 1 . . 2 1 1 3 . Communications Jammed 5 | . . . . 1 . . . . . . . . 3 . . . . . . . . . . . . 1 Distress Signals 5 | . . . . 1 . . . . . . . . 3 . . . . . . . . . . . . 1 Times Spotted 336 | . 30 25 47 19 1 . 5 . . . 4 22 26 5 1 8 . 4 24 5 4 19 5 26 25 31 Peak Tracking Total 17 | . 4 6 6 4 1 . 3 . . . 2 4 4 5 1 4 . 2 5 3 4 17 4 6 4 13 Tactical Retreats 21 | . . . 7 2 . . 2 . . . . 2 . . 1 . . . . . 1 3 . . 2 1 Traps | -11 -10 -9 -8 -8 -8 -8 -6 -6 -6 -6 -5 -5 -5 -5 -5 -5 -4 -4 -4 -4 -4 -4 -3 -3 -3 -3 ------- Run | Yrd Mat Mat Mat Sto Rec Scr Fac Low Low Zio Pro Fac Ext Cet Arc Hub Fac Was Fac Upp Upp War Pro Res Qua Sec Traps Triggered 24 | . 4 . 1 . . . 1 . . . . 1 5 . . 2 1 . 1 . 1 . . 1 6 . Indirectly . | . . . . . . . . . . . . . . . . . . . . . . . . . . . Trap Hack Attempts . | . . . . . . . . . . . . . . . . . . . . . . . . . . . Triggered . | . . . . . . . . . . . . . . . . . . . . . . . . . . . Disarmed . | . . . . . . . . . . . . . . . . . . . . . . . . . . . Reprogrammed . | . . . . . . . . . . . . . . . . . . . . . . . . . . . Reused . | . . . . . . . . . . . . . . . . . . . . . . . . . . . Traps Extracted . | . . . . . . . . . . . . . . . . . . . . . . . . . . . Installed . | . . . . . . . . . . . . . . . . . . . . . . . . . . . Triggered . | . . . . . . . . . . . . . . . . . . . . . . . . . . . Machines | -11 -10 -9 -8 -8 -8 -8 -6 -6 -6 -6 -5 -5 -5 -5 -5 -5 -4 -4 -4 -4 -4 -4 -3 -3 -3 -3 ---------- Run | Yrd Mat Mat Mat Sto Rec Scr Fac Low Low Zio Pro Fac Ext Cet Arc Hub Fac Was Fac Upp Upp War Pro Res Qua Sec Machines Disabled 39 | . 2 1 8 1 . . 1 . . . . 1 3 . 1 1 . . 2 . . 1 1 3 5 8 Max in Single Turn 5 | . 1 1 5 1 . . 1 . . . . 1 1 . . 1 . . 1 . . 1 1 2 1 1 Garrison Access 1 | . . . . . . . . . . . . . . . . . . . . . . . . 1 . . Machines Repaired . | . . . . . . . . . . . . . . . . . . . . . . . . . . . Machines Dismantled . | . . . . . . . . . . . . . . . . . . . . . . . . . . . Machines Sabotaged . | . . . . . . . . . . . . . . . . . . . . . . . . . . . Overloaded Fab Kills . | . . . . . . . . . . . . . . . . . . . . . . . . . . . Hacking | -11 -10 -9 -8 -8 -8 -8 -6 -6 -6 -6 -5 -5 -5 -5 -5 -5 -4 -4 -4 -4 -4 -4 -3 -3 -3 -3 --------- Run | Yrd Mat Mat Mat Sto Rec Scr Fac Low Low Zio Pro Fac Ext Cet Arc Hub Fac Was Fac Upp Upp War Pro Res Qua Sec Machines Accessed 76 | . 5 6 13 3 9 7 6 1 . . . 3 3 1 . . . . 3 1 . 3 . 4 6 2 Terminals 37 | . 4 5 10 3 5 . 4 . . . . 2 3 1 . . . . . . . . . . . . Fabricators 1 | . . . . . . . 1 . . . . . . . . . . . . . . . . . . . Repair Stations 5 | . . . 1 . . . . . . . . . . . . . . . . . . . . . 2 2 Recycling Units 9 | . 1 1 1 . 4 . . . . . . . . . . . . . 1 . . . . 1 . . Scanalyzers 8 | . . . 1 . . . 1 . . . . . . . . . . . 1 . . . . 2 3 . Garrison Access 4 | . . . . . . . . . . . . 1 . . . . . . 1 . . . . 1 1 . Total Hacks 225 | . 20 20 52 6 25 21 18 1 . . . 6 6 2 . . . . 14 1 . 8 . 5 14 6 Successful 139 | . 10 12 31 4 15 21 8 1 . . . . 2 1 . . . . 10 1 . 8 . 5 8 2 Failed 85 | . 10 8 20 2 10 . 10 . . . . 6 4 1 . . . . 4 . . . . . 6 4 Catastrophic 15 | . . 1 2 1 2 . 4 . . . . 2 1 . . . . . . . . . . . 1 1 Database Lockouts 1 | . . . 1 . . . . . . . . . . . . . . . . . . . . . . . Manual 106 | . 18 17 32 6 18 . 10 . . . . 5 . . . . . . . . . . . . . . Terminals 127 | . 18 17 37 6 21 . 15 . . . . 5 6 2 . . . . . . . . . . . . Fabricators 1 | . . . . . . . 1 . . . . . . . . . . . . . . . . . . . Repair Stations 17 | . . . 2 . . . . . . . . . . . . . . . . . . . . . 9 6 Recycling Units 15 | . 2 3 3 . 4 . . . . . . . . . . . . . 2 . . . . 1 . . Scanalyzers 30 | . . . 10 . . . 2 . . . . . . . . . . . 11 . . . . 3 4 . Garrison Access 4 | . . . . . . . . . . . . 1 . . . . . . 1 . . . . 1 1 . Terminal Hacks 53 | . 2 3 5 1 6 21 2 1 . . . . 2 1 . . . . . 1 . 8 . . . . Record 20 | . . . . . . 19 . . . . . . . 1 . . . . . . . . . . . . Prototype ID Bank 12 | . . 1 2 . 3 . . . . . . . . . . . . . . . . 6 . . . . Open Door 7 | . . . . . . 1 . 1 . . . . 2 . . . . . . 1 . 2 . . . . Branch Access Points 3 | . . 1 1 1 . . . . . . . . . . . . . . . . . . . . . . Terminal Index 6 | . 2 1 1 . 1 . 1 . . . . . . . . . . . . . . . . . . . Fabricator Index 1 | . . . . . . . 1 . . . . . . . . . . . . . . . . . . . Unreport Threat 1 | . . . 1 . . . . . . . . . . . . . . . . . . . . . . . Registered Components 1 | . . . . . 1 . . . . . . . . . . . . . . . . . . . . . Zone Layout 1 | . . . . . 1 . . . . . . . . . . . . . . . . . . . . . Proto ID Catalog 1 | . . . . . . 1 . . . . . . . . . . . . . . . . . . . . Fabricator Hacks 1 | . . . . . . . 1 . . . . . . . . . . . . . . . . . . . Build 1 | . . . . . . . 1 . . . . . . . . . . . . . . . . . . . Repair Station Hacks 10 | . . . 2 . . . . . . . . . . . . . . . . . . . . . 6 2 Scan Component 6 | . . . 1 . . . . . . . . . . . . . . . . . . . . . 3 2 Repair 4 | . . . 1 . . . . . . . . . . . . . . . . . . . . . 3 . Recycling Unit Hacks 5 | . . 1 2 . . . . . . . . . . . . . . . 1 . . . . 1 . . Retrieve Components 5 | . . 1 2 . . . . . . . . . . . . . . . 1 . . . . 1 . . Scanalyzer 24 | . . . 9 . . . 1 . . . . . . . . . . . 9 . . . . 3 2 . Insert Component 5 | . . . 3 . . . . . . . . . . . . . . . 2 . . . . . . . Analyze 5 | . . . 2 . . . . . . . . . . . . . . . 3 . . . . . . . Retrieve Study 14 | . . . 4 . . . 1 . . . . . . . . . . . 4 . . . . 3 2 . Garrison Access Hacks 1 | . . . . . . . . . . . . . . . . . . . . . . . . 1 . . Seal Access 1 | . . . . . . . . . . . . . . . . . . . . . . . . 1 . . Unauthorized Hacks 45 | . 8 8 13 3 9 . 4 . . . . . . . . . . . . . . . . . . . Terminals 40 | . 8 8 12 3 5 . 4 . . . . . . . . . . . . . . . . . . . Botnet 16 | . 4 3 4 1 2 . 2 . . . . . . . . . . . . . . . . . . . Operators 2 | . . . 1 . . . 1 . . . . . . . . . . . . . . . . . . . Skim 22 | . 4 5 7 2 3 . 1 . . . . . . . . . . . . . . . . . . . Fabricators . | . . . . . . . . . . . . . . . . . . . . . . . . . . . Repair Stations . | . . . . . . . . . . . . . . . . . . . . . . . . . . . Recycling Units 5 | . . . 1 . 4 . . . . . . . . . . . . . . . . . . . . . Reject 1 | . . . 1 . . . . . . . . . . . . . . . . . . . . . . . Tunnel 4 | . . . . . 4 . . . . . . . . . . . . . . . . . . . . . Scanalyzers . | . . . . . . . . . . . . . . . . . . . . . . . . . . . Garrison Access . | . . . . . . . . . . . . . . . . . . . . . . . . . . . Data Cores Recovered 1 | . . . . . . . . . . . . . . . . . . . . . . . . . . 1 Used . | . . . . . . . . . . . . . . . . . . . . . . . . . . . Hacking Detections 51 | . 5 6 12 3 5 . 5 . . . . 3 1 . . . . . 2 . . . . 1 6 2 Full Trace Events 2 | . . . . . 1 . 1 . . . . . . . . . . . . . . . . . . . Feedback Events . | . . . . . . . . . . . . . . . . . . . . . . . . . . . Feedback Blocked . | . . . . . . . . . . . . . . . . . . . . . . . . . . . Robot Schematics Acquired 6 | . . . . . . . . . . 4 . . . . . . . . . . . . . . . 2 Robots Built 4 | . . . . . . . 4 . . . . . . . . . . . . . . . . . . . Authchips . | . . . . . . . . . . . . . . . . . . . . . . . . . . . Time 81 | . . . . . . . 81 . . . . . . . . . . . . . . . . . . . Total Robot Build Rating 4 | . . . . . . . 4 . . . . . . . . . . . . . . . . . . . Part Schematics Acquired 22 | . . . 2 . . . . . . 12 . . . . . . . . 2 . . . . . . 6 Parts Built . | . . . . . . . . . . . . . . . . . . . . . . . . . . . Authchips . | . . . . . . . . . . . . . . . . . . . . . . . . . . . Time . | . . . . . . . . . . . . . . . . . . . . . . . . . . . Total Part Build Rating . | . . . . . . . . . . . . . . . . . . . . . . . . . . . Part Studies Acquired 14 | . . . 4 . . . 1 . . . . . . . . . . . 4 . . . . 3 2 . Parts Repaired 4 | . . . 1 . . . . . . . . . . . . . . . . . . . . . 3 . Time 169 | . . . 32 . . . . . . . . . . . . . . . . . . . . . 137 . Parts Recycled . | . . . . . . . . . . . . . . . . . . . . . . . . . . . Recycled Matter . | . . . . . . . . . . . . . . . . . . . . . . . . . . . Retrieved Matter . | . . . . . . . . . . . . . . . . . . . . . . . . . . . Retrieved Components 13 | . . 3 5 . . . . . . . . . . . . . . . 3 . . . . 2 . . Parts Scanalyzed 4 | . . . 2 . . . . . . . . . . . . . . . 2 . . . . . . . Part Schematics Acquired 4 | . . . 2 . . . . . . . . . . . . . . . 2 . . . . . . . Parts Damaged . | . . . . . . . . . . . . . . . . . . . . . . . . . . . Bothacking | -11 -10 -9 -8 -8 -8 -8 -6 -6 -6 -6 -5 -5 -5 -5 -5 -5 -4 -4 -4 -4 -4 -4 -3 -3 -3 -3 ------------ Run | Yrd Mat Mat Mat Sto Rec Scr Fac Low Low Zio Pro Fac Ext Cet Arc Hub Fac Was Fac Upp Upp War Pro Res Qua Sec Used RIF Installer . | . . . . . . . . . . . . . . . . . . . . . . . . . . . Robots Hacked . | . . . . . . . . . . . . . . . . . . . . . . . . . . . Non-combat . | . . . . . . . . . . . . . . . . . . . . . . . . . . . Combat . | . . . . . . . . . . . . . . . . . . . . . . . . . . . Robot Hacks Applied . | . . . . . . . . . . . . . . . . . . . . . . . . . . . Relay Couplers Released . | . . . . . . . . . . . . . . . . . . . . . . . . . . . Fabnet Peak Effective % . | . . . . . . . . . . . . . . . . . . . . . . . . . . . Robots Rewired 12 | . . . . . . . . . . . . . 10 . . . . . . 1 . . . 1 . . Allies Hacked 1 | . . . . . . . . . . . 1 . . . . . . . . . . . . . . . Hacks Repelled . | . . . . . . . . . . . . . . . . . . . . . . . . . . . Allies | -11 -10 -9 -8 -8 -8 -8 -6 -6 -6 -6 -5 -5 -5 -5 -5 -5 -4 -4 -4 -4 -4 -4 -3 -3 -3 -3 -------- Run | Yrd Mat Mat Mat Sto Rec Scr Fac Low Low Zio Pro Fac Ext Cet Arc Hub Fac Was Fac Upp Upp War Pro Res Qua Sec Total Allies 49 | . . . . . . . 4 . . 6 . . 18 . . . . 18 . 1 . . . 2 . . Largest Group 18 | . . . . . . . 4 . . 6 6 3 13 5 2 . . 18 5 1 . . . 1 . . Highest-Rated Group 638 | . . . . . . . 24 . . 146 146 68 545 149 62 . . 638 209 32 . . . 45 . . Highest-Rated Ally 159 | . . . . . . . 6 . . 31 31 28 159 39 39 . . 50 46 32 . . . 45 . . Total Orders 34 | . . . . . . . 1 . . . . 2 6 1 . 2 . . 5 . . . . 5 8 4 ROAM 1 | . . . . . . . 1 . . . . . . . . . . . . . . . . . . . RETURN 33 | . . . . . . . . . . . . 2 6 1 . 2 . . 5 . . . . 5 8 4 Ally Attacks 498 | . . . . . . . . . . . 25 41 224 29 12 . . 160 7 . . . . . . . Total Damage 13662 | . . . . . . . . . . . 343 453 4842 531 211 . . 7236 46 . . . . . . . Kills 62 | . . . . . . . . . . . 3 3 37 3 2 . . 14 . . . . . . . . Allies Corrupted 2 | . . . . . . . . . . . 1 . . . . . . . . . . . . 1 . . Allies Melted 3 | . . . . . . . . . . . . . . . . . . . . . . 3 . . . . Intel | -11 -10 -9 -8 -8 -8 -8 -6 -6 -6 -6 -5 -5 -5 -5 -5 -5 -4 -4 -4 -4 -4 -4 -3 -3 -3 -3 ------- Run | Yrd Mat Mat Mat Sto Rec Scr Fac Low Low Zio Pro Fac Ext Cet Arc Hub Fac Was Fac Upp Upp War Pro Res Qua Sec Active Infowar (turns) 18427 | 39 780 1341 733 319 . . 498 1061 806 1083 658 1405 1322 159 86 383 112 505 1375 557 280 1049 321 1280 1552 723 Sensors 8744 | . . . . . . . 498 1061 806 1083 658 1140 1308 159 86 383 74 505 983 . . . . . . . Terrain 74 | . . . . . . . . . . . . . . . . . . . . . . . . 74 . . Structural 6501 | . . 500 126 . . . 496 1061 806 1083 658 540 . . . . 106 505 620 . . . . . . . Seismic 1034 | 39 669 326 . . . . . . . . . . . . . . . . . . . . . . . . T.N.C. 2185 | . 111 1341 733 . . . . . . . . . . . . . . . . . . . . . . . Machine Analysis 7710 | . . . . . . . . . . . . . . . . . 68 505 1375 557 280 1049 321 1280 1552 723 Cloaking 1848 | . . . . . . . . . . . . 1 . . . . . 24 95 245 241 . 316 926 . . Jamming 6944 | . . . . 319 . . 90 1061 483 280 . 1396 830 . . . . . . . . . . 627 1286 572 Robot Analysis Total . | . . . . . . . . . . . . . . . . . . . . . . . . . . . Derelict Logs Recovered 6 | . . . . . . . . 2 2 1 1 . . . . . . . . . . . . . . . Drone Launches 33 | . . . . . . . . . . . . 2 6 1 . 2 . . 5 . . . . 5 8 4 Drone Recoveries 33 | . . . . . . . . . . . . 2 6 1 . 2 . . 5 . . . . 5 8 4 Exploration | -11 -10 -9 -8 -8 -8 -8 -6 -6 -6 -6 -5 -5 -5 -5 -5 -5 -4 -4 -4 -4 -4 -4 -3 -3 -3 -3 ------------- Run | Yrd Mat Mat Mat Sto Rec Scr Fac Low Low Zio Pro Fac Ext Cet Arc Hub Fac Was Fac Upp Upp War Pro Res Qua Sec Turns Passed 22575 | 152 988 1341 1572 908 1041 1250 501 1061 806 1083 658 1407 1364 220 86 383 112 505 1375 557 280 1049 321 1280 1552 723 Spaces Moved 14951 | 71 307 491 548 378 780 1172 389 967 715 923 533 972 751 118 75 225 87 307 814 381 250 916 295 840 1073 573 Core 3 | 1 1 . . . . . . . . . . . . . . . . . . . . . . . . 1 Treads 608 | 70 157 322 59 . . . . . . . . . . . . . . . . . . . . . . . Legs 14208 | . 83 169 489 378 780 1172 389 967 715 923 533 972 751 118 75 225 87 307 814 381 250 916 295 840 1073 506 Wheels 66 | . 66 . . . . . . . . . . . . . . . . . . . . . . . . . Hover . | . . . . . . . . . . . . . . . . . . . . . . . . . . . Flight . | . . . . . . . . . . . . . . . . . . . . . . . . . . . Fastest Speed 50 | 50 130 160 160 105 105 105 105 108 108 108 108 111 111 114 114 114 117 108 105 105 105 102 102 100 96 92 Average Speed 117 | 158 215 171 184 161 130 105 106 108 108 108 110 113 115 114 114 115 117 114 107 105 105 104 102 102 100 99 Slowest Speed 800 | 160 800 260 252 190 175 105 108 108 108 108 111 114 117 114 114 120 117 174 114 105 105 105 102 165 103 200 Overloaded Moves . | . . . . . . . . . . . . . . . . . . . . . . . . . . . Propulsion Burnouts . | . . . . . . . . . . . . . . . . . . . . . . . . . . . Robots Hopped . | . . . . . . . . . . . . . . . . . . . . . . . . . . . Potential Cave-ins . | . . . . . . . . . . . . . . . . . . . . . . . . . . . Cave-ins Triggered . | . . . . . . . . . . . . . . . . . . . . . . . . . . . Teleports 2 | . . . . . . . . . . . . . . . . . . . . . . . . . . 2 Microwarps 3 | . . . . . . . . . . . . . . . . . . . . . . . . . . 3 Exploration Rate (%) 54 | 5 69 47 42 54 96 86 9 82 88 86 57 18 77 69 69 28 3 97 17 58 31 95 49 18 81 33 Regions Visited 26 Branch Regions 17 Pre-discovered Areas 14 | . . 3 3 . 4 1 . . 1 1 1 . . . . . . . . . . . . . . . Known Exits Taken 22 | . . 1 1 1 1 1 1 1 1 1 1 1 1 1 1 1 . . 1 1 1 1 1 1 1 . Unknown Exits Taken 2 | 1 1 . . . . . . . . . . . . . . . . . . . . . . . . . Scrap Searched 18 | . . . . . . 6 . 2 2 4 2 . . . . . . . . 1 . . 1 . . . Spaces Dug 76 | . . . 4 . . . 2 . 1 . . 11 1 . . 3 . . 3 1 4 . 18 9 12 7 Terrain Destroyed 131 | 7 1 . 31 7 1 . 2 . 1 . . 11 1 . . 3 . . 3 1 4 . 27 12 12 7 Melee 62 | . . . 4 . . . 2 . 1 . . 11 1 . . 3 . . 3 1 4 . 4 9 12 7 Projectile 30 | . . . 19 7 1 . . . . . . . . . . . . . . . . . . 3 . . AOE 39 | 7 1 . 8 . . . . . . . . . . . . . . . . . . . 23 . . . Terrain Rammed . | . . . . . . . . . . . . . . . . . . . . . . . . . . . Walls Destroyed . | . . . . . . . . . . . . . . . . . . . . . . . . . . . Machines Disabled . | . . . . . . . . . . . . . . . . . . . . . . . . . . . Actions | -11 -10 -9 -8 -8 -8 -8 -6 -6 -6 -6 -5 -5 -5 -5 -5 -5 -4 -4 -4 -4 -4 -4 -3 -3 -3 -3 --------- Run | Yrd Mat Mat Mat Sto Rec Scr Fac Low Low Zio Pro Fac Ext Cet Arc Hub Fac Was Fac Upp Upp War Pro Res Qua Sec Total 18983 | 90 493 866 955 600 792 1196 452 979 745 1010 602 1176 1213 187 75 316 97 455 1221 520 262 1009 307 1208 1469 688 Wait 2258 | . 64 250 262 131 . 3 13 1 21 74 55 65 238 52 1 49 4 121 226 90 1 18 . 190 245 84 Move 14863 | 70 306 490 547 377 779 1171 388 966 714 922 532 971 750 117 74 224 87 306 813 380 249 915 294 839 1072 510 Hop . | . . . . . . . . . . . . . . . . . . . . . . . . . . . Pick Up 205 | 3 18 23 20 10 2 5 9 4 1 5 3 12 19 . . 3 1 6 14 1 1 16 . 12 13 4 Fast Attach 108 | 7 8 3 6 4 . 1 2 . . . 1 5 13 1 . . . . 5 4 . 9 . 5 23 11 Attach 86 | . 7 4 12 1 . 1 4 . . . . 4 2 1 . 2 2 . 5 2 . . 1 16 13 9 Detach 23 | . . 1 . . . 2 . . . . . . 2 . . . . 1 . . . 1 1 1 10 4 Swap 242 | 1 9 14 11 14 2 3 4 . 2 2 3 22 29 4 . 9 2 13 36 12 2 8 4 17 7 12 Drop 234 | . 4 17 17 19 2 10 8 4 3 6 6 21 31 1 . . 1 5 20 3 . 25 . 18 7 6 Fire 279 | 9 76 63 75 42 7 . . . . . . . 1 . . . . . . . . . 2 4 . . Melee 540 | . . . 5 . . . 18 4 4 1 2 70 26 10 . 29 . 3 93 23 9 17 5 103 79 39 Ram 1 | . 1 . . . . . . . . . . . . . . . . . . . . . . . . . Kick 10 | . . 1 . 2 . . . . . . . . . 1 . . . . . . . . . . . 6 Crush . | . . . . . . . . . . . . . . . . . . . . . . . . . . . Escape Stasis 7 | . . . . . . . . . . . . 4 . . . . . . . . . . . . . 3 Rewire 127 | . . . . . . . 6 . . . . 2 102 . . . . . 9 5 . . . 3 . . Trap . | . . . . . . . . . . . . . . . . . . . . . . . . . . . Miscellaneous . | . . . . . . . . . . . . . . . . . . . . . . . . . . . Route ------- -11/Scrapyard -10/Materials (discovered 2 exits: *Mat x2) -9/Materials (discovered 4 exits: *Mat x3 / *Min) -8/Materials (discovered 2 exits: *Fac / *Sto) -8/Storage (discovered 2 exits: Fac / *Rec) -8/Recycling (discovered 2 exits: *Fac / *Scr) -8/Scraptown (discovered 2 exits: *Fac x2) -6/Factory (discovered 3 exits: Fac / *Low x2) -6/Lower Caves -6/Lower Caves (discovered 2 exits: *Fac / *Zio) -6/Zion -5/Proximity Caves -5/Factory (discovered 5 exits: Fac x4 / *Ext) -5/Extension (discovered 3 exits: *Fac x2 / *Cet) -5/Cetus -5/Archives -5/Hub_04(d) -4/Factory -4/Waste -4/Factory (discovered 6 exits: Res x4 / *Upp x2) -4/Upper Caves -4/Upper Caves -4/Warlord -3/Proximity Caves -3/Research (discovered 3 exits: Arm / *Qua x2) -3/Quarantine (discovered 3 exits: *Res / *Sec / *Frg) -3/Section 7 (discovered 1 exit: *Res) History --------- Turn | Location | Event 15 | -11/Scrapyard | Discovered new exit (range 15) 153 | -11/Scrapyard | Entered Materials 313 | -10/Materials | Build established: Mutant 662 | -10/Materials | Discovered new exit (range 7) 902 | -10/Materials | Lost 3 parts (1n2w) 902 | -10/Materials | Core integrity fell below 50% 1099 | -10/Materials | Discovered new exit (range 16) 1141 | -10/Materials | Entered another Materials area 1141 | -9/Materials | Evolved 2 slots: Propulsion x1, Utility x1 1206 | -9/Materials | Build established: Scavenger-Mutant 1260 | -9/Materials | Identified exit to Mines 1884 | -9/Materials | Discovered new exit (range 16) 2153 | -9/Materials | Learned location of Zion (-6) 2210 | -9/Materials | Identified exit to Materials 2292 | -9/Materials | Loaded intel: 2 recycling unit locations 2349 | -9/Materials | Learned location of 1 exit from Storage 2391 | -9/Materials | Learned location of Recycling (-8) 2445 | -9/Materials | Learned location of 1 exit from Recycling 2482 | -9/Materials | Entered another Materials area 2482 | -8/Materials | Evolved 2 slots: Propulsion x1, Utility x1 2865 | -8/Materials | Central database locked down 2923 | -8/Materials | Discovered new exit (range 7) 2950 | -8/Materials | Identified exit to Factory 3051 | -8/Materials | Repaired Mace 3180 | -8/Materials | Identified exit to Storage 3261 | -8/Materials | Learned location of 3 exits from Factory 3331 | -8/Materials | Learned Storage emergency access door positions 3439 | -8/Materials | Learned Factory trap positions 3475 | -8/Materials | Learned Storage garrison access intel 3565 | -8/Materials | Learned Storage trap positions 3605 | -8/Materials | Learned location of 1 exit from Extension 3864 | -8/Materials | Lost 5 parts (1p2n2w) 4054 | -8/Materials | Entered Storage 4056 | -8/Storage | Loaded intel: 10 trap records 4057 | -8/Storage | Loaded intel: 1 garrison access location 4365 | -8/Storage | Identified exit to Recycling 4567 | -8/Storage | Used back door to open Recycling access 4758 | -8/Storage | Build established: Mutant 4838 | -8/Storage | Garrison activated, responded to threat 4962 | -8/Storage | Entered Recycling 4963 | -8/Recycling | Joined Warlord attack on 0b10 via Recycling 4963 | -8/Recycling | Identified exit to Scraptown 5092 | -8/Recycling | Scanned before Scraplab entrance 5182 | -8/Recycling | Core integrity fell below 50% 5422 | -8/Recycling | Discovered new exit (range 16) 5475 | -8/Recycling | Identified exit to Factory 5993 | -8/Recycling | Entered Scraplab 6003 | -8/Recycling | Entered Scraptown 6161 | -8/Scraptown | Discovered exit to Factory (range 11) 6224 | -8/Scraptown | Visited Shadow of the Wyrm 6238 | -8/Scraptown | Visited Cyclists 6278 | -8/Scraptown | Visited Red Mages 6316 | -8/Scraptown | Visited Junk Repository 6351 | -8/Scraptown | Visited Assassins FH 6488 | -8/Scraptown | Heard Great Nut preacher, LISTEN AND RECITE! 6524 | -8/Scraptown | Visited UFD Registry 6525 | -8/Scraptown | Registered with UFD as "Gaussdrive" 6546 | -8/Scraptown | Entered Cyclist Reading Room 6602 | -8/Scraptown | Visited Sword Containment 6615 | -8/Scraptown | Found Prototype Slashing Weapon 6615 | -8/Scraptown | Identified Companion Sword 6639 | -8/Scraptown | Visited Curators Association 6675 | -8/Scraptown | Visited A0-MCA Data Center 6683 | -8/Scraptown | Given a B rating by A0-MCA 6688 | -8/Scraptown | Found A0-MCA's Component Scanner 6756 | -8/Scraptown | Visited Abandonware Association 6769 | -8/Scraptown | Learned abandonware demo "TRNCOAT.EXE" 6769 | -8/Scraptown | Learned abandonware demo "REBOOT5.EXE" 6791 | -8/Scraptown | Visited Research Penetration Think Tank 6814 | -8/Scraptown | Visited Infowarlord's Domain 6821 | -8/Scraptown | Found Exp. Sensor Array 6837 | -8/Scraptown | Visited Scrap Suit Storage 6859 | -8/Scraptown | Visited Botcube Research 6886 | -8/Scraptown | Visited Science Guys 6925 | -8/Scraptown | Visited LU-1G1's Boring Crew 6996 | -8/Scraptown | Visited Bundlers 7058 | -8/Scraptown | Visited The Evicted 7194 | -8/Scraptown | Met Optimus 7194 | -8/Scraptown | Accepted into 0bPrime 7250 | -8/Scraptown | Discovered exit to Factory (range 3) 7253 | -8/Scraptown | Entered Factory 7253 | -6/Factory | Evolved 4 slots: Propulsion x1, Utility x3 7254 | -6/Factory | Identified exit to Lower Caves 7254 | -6/Factory | Identified exit to Factory 7255 | -6/Factory | Loaded intel: 94 trap records 7430 | -6/Factory | Fabricated K-01 Serf? 7754 | -6/Factory | Entered Lower Caves 7966 | -6/Lower Caves | Build established: Infiltrator-Assassin 8255 | -6/Lower Caves | Learned 4 Factory zone layouts 8377 | -6/Lower Caves | Learned Factory emergency access door positions 8393 | -6/Lower Caves | Discovered new exit (range 13) 8405 | -6/Lower Caves | Identified exit to Lower Caves 8815 | -6/Lower Caves | Entered another Lower Caves area 8815 | -6/Lower Caves | Discovered exit to Factory (range 12) 9187 | -6/Lower Caves | Found DCF Scrap (15 items) 9252 | -6/Lower Caves | Learned Factory terminal intel 9433 | -6/Lower Caves | Encountered a Warlord checkpoint 9487 | -6/Lower Caves | Discovered new exit (range 11) 9520 | -6/Lower Caves | Identified exit to Zion 9621 | -6/Lower Caves | Entered Zion 9681 | -6/Zion | Discovered new exit (range 11) 9693 | -6/Zion | Identified exit to Proximity Caves 10022 | -6/Zion | Given the Hacking Drone Bay 10023 | -6/Zion | Found Hacking Drone Bay 10233 | -6/Zion | Gained Derelict followers 10448 | -6/Zion | Turned away by Imprinter 10704 | -6/Zion | Entered Proximity Caves 10704 | -5/Proximity Caves | Accompanied by 6 allies 10793 | -5/Proximity Caves | Attracted the attention of an 0b10 checkpoint 10906 | -5/Proximity Caves | Spotted B-75 Beast 10920 | -5/Proximity Caves | Allies destroyed B-75 Beast 11033 | -5/Proximity Caves | Discovered exit to Factory (range 10) 11100 | -5/Proximity Caves | Build established: Derelict-Assassin 11311 | -5/Proximity Caves | Lost 3 allies 11362 | -5/Proximity Caves | Entered Factory 11362 | -5/Factory | Accompanied by 3 allies 11362 | -5/Factory | Evolved 2 slots: Utility x2 11363 | -5/Factory | Identified exit to Extension 11364 | -5/Factory | Identified exit to Factory 11366 | -5/Factory | Loaded intel: 27 terminal locations 12343 | -5/Factory | Build established: Scavenger-Mutant 12769 | -5/Factory | Entered Extension 12798 | -5/Extension | Build established: Derelict-Mutant 12844 | -5/Extension | Rescued a captive Derelict 12845 | -5/Extension | Rescued a captive Derelict 13013 | -5/Extension | Rescued A7 13014 | -5/Extension | Attached CPS modules to A7. 13198 | -5/Extension | Rescued a captive Derelict 13449 | -5/Extension | Found Prototype Protection 13449 | -5/Extension | Identified Med. Regenerative Plating 13486 | -5/Extension | Build established: Commander-Mutant 13584 | -5/Extension | Spotted B-75 Beast 13595 | -5/Extension | Spotted B-75 Beast 13608 | -5/Extension | Allies destroyed B-75 Beast 13614 | -5/Extension | Rewired B-75 Beast 13723 | -5/Extension | Identified exit to Cetus 13755 | -5/Extension | Rescued a captive Derelict 13755 | -5/Extension | Rescued a captive Derelict 13933 | -5/Extension | Extracted ID and sensor layout for unrecognized location from A7's data core 13975 | -5/Extension | Lost 4 allies 13989 | -5/Extension | Rescued a captive Derelict 13990 | -5/Extension | Rescued a captive Derelict 14036 | -5/Extension | Lost 3 allies 14133 | -5/Extension | Entered Cetus 14133 | -5/Cetus | Accompanied by 5 allies 14148 | -5/Cetus | Spotted Cetus Guard 14149 | -5/Cetus | Spotted Cetus Guard 14151 | -5/Cetus | Spotted Cetus Guard 14151 | -5/Cetus | Spotted Cetus Guard 14164 | -5/Cetus | Allies destroyed Cetus Guard 14178 | -5/Cetus | Allies destroyed Cetus Guard 14191 | -5/Cetus | Allies destroyed Cetus Guard 14207 | -5/Cetus | Lost 3 allies 14301 | -5/Cetus | Discovered new exit (range 16) 14315 | -5/Cetus | Build established: Scavenger-Mutant 14317 | -5/Cetus | Identified exit to Archives 14353 | -5/Cetus | Entered Archives 14353 | -5/Archives | Accompanied by 2 allies 14370 | -5/Archives | Met Zhirov 14376 | -5/Archives | Reinforcements dispatched to Archives 14377 | -5/Archives | Unable to access archive contents 14392 | -5/Archives | Unable to access archive contents 14394 | -5/Archives | Discovered new exit (range 16) 14410 | -5/Archives | Identified exit to Hub_04(d) 14421 | -5/Archives | Reinforcements dispatched to Archives 14439 | -5/Archives | Entered Hub_04(d) 14748 | -5/Hub_04(d) | Discovered exit to Factory (range 7) 14822 | -5/Hub_04(d) | Entered Factory 14822 | -4/Factory | Evolved 2 slots: Power x1, Utility x1 14934 | -4/Factory | Sucked down chute 14934 | -4/Factory | Entered Waste 14967 | -4/Waste | Warlord forces began an assault 15076 | -4/Waste | Spotted C-40 Crusher 15084 | -4/Waste | Allies destroyed C-40 Crusher 15127 | -4/Waste | Build established: Scavenger-Assassin 15159 | -4/Waste | Spotted C-40 Crusher 15175 | -4/Waste | Spotted C-40 Crusher 15178 | -4/Waste | Allies destroyed C-40 Crusher 15182 | -4/Waste | Allies destroyed C-40 Crusher 15209 | -4/Waste | Lost 5 allies 15231 | -4/Waste | Spotted C-40 Crusher 15243 | -4/Waste | Allies destroyed C-40 Crusher 15281 | -4/Waste | Spotted C-40 Crusher 15302 | -4/Waste | Allies destroyed C-40 Crusher 15308 | -4/Waste | Discovered new exit (range 16) 15324 | -4/Waste | Identified exit to Factory 15333 | -4/Waste | Lost 6 allies 15439 | -4/Waste | Entered Factory 15439 | -4/Factory | Accompanied by 5 allies 15622 | -4/Factory | P-70 Sage assimilated allied OX-35P(m) 15647 | -4/Factory | Lost 3 allies 16626 | -4/Factory | Identified exit to Research 16629 | -4/Factory | Identified exit to Upper Caves 16814 | -4/Factory | Entered Upper Caves 17081 | -4/Upper Caves | Build established: Scavenger-Mutant 17135 | -4/Upper Caves | Attracted the attention of an 0b10 checkpoint 17362 | -4/Upper Caves | Discovered new exit (range 8) 17369 | -4/Upper Caves | Identified exit to Upper Caves 17371 | -4/Upper Caves | Entered another Upper Caves area 17640 | -4/Upper Caves | Discovered new exit (range 11) 17650 | -4/Upper Caves | Identified exit to Warlord 17651 | -4/Upper Caves | Entered Warlord 17652 | -4/Warlord | Forged Quantum Companion 17693 | -4/Warlord | System corruption cleaned by Quarantine Array 17714 | -4/Warlord | Discovered new exit (range 14) 17726 | -4/Warlord | Identified exit to Proximity Caves 18081 | -4/Warlord | Rebuked by Warlord 18106 | -4/Warlord | Warlord's base attacked by MAIN.C 18370 | -4/Warlord | Found Prototype Device 18370 | -4/Warlord | Identified Thermal Barrier 18383 | -4/Warlord | Found Prototype Reactor 18383 | -4/Warlord | Identified Vortex Chain Reactor 18456 | -4/Warlord | Warlord forces counterattacked 18489 | -4/Warlord | Found Prototype Energy Gun 18489 | -4/Warlord | Identified Vortex Rail 18493 | -4/Warlord | Found Vortex Rail 18561 | -4/Warlord | Found Prototype Processor 18561 | -4/Warlord | Identified Exp. Core Analyzer 18569 | -4/Warlord | Spotted Executioner 18601 | -4/Warlord | Lost 5 allies 18629 | -4/Warlord | Opened side exit 18700 | -4/Warlord | Entered Proximity Caves 18873 | -3/Proximity Caves | Spotter reported a threat 18913 | -3/Proximity Caves | Spotter reported a threat 18987 | -3/Proximity Caves | Discovered exit to Research (range 7) 19004 | -3/Proximity Caves | Acquired the password to a Derelict Tinkerer's latest research 19021 | -3/Proximity Caves | Entered Research 19021 | -3/Research | Evolved 2 slots: Utility x2 19265 | -3/Research | Identified exit to Armory 19265 | -3/Research | Identified exit to Quarantine 19271 | -3/Research | Search patrols dispatched 19451 | -3/Research | Found Prototype Device 19451 | -3/Research | Identified Exp. Thermal Shield 20058 | -3/Research | Spotted B-86 Titan 20115 | -3/Research | Lost 4 parts (4u) 20185 | -3/Research | Destroyed B-86 Titan 20280 | -3/Research | Lost 5 parts (2n3u) 20301 | -3/Research | Entered Quarantine 20382 | -3/Quarantine | Found Alien Artifact 20382 | -3/Quarantine | Identified Phase Armor 20492 | -3/Quarantine | Cryocooling Duct disabled 20507 | -3/Quarantine | Ambient heat levels rising (+20) 20507 | -3/Quarantine | Non-combat units ordered to evacuate 20602 | -3/Quarantine | Lost 6 parts (3n3u) 20696 | -3/Quarantine | Repaired Myomer Leg+ 20733 | -3/Quarantine | Found Alien Artifact 20733 | -3/Quarantine | Identified Subatomic Replicator 20736 | -3/Quarantine | Forged Prototype Slashing Weapon 20918 | -3/Quarantine | Repaired Carbon-fiber Leg+ 20988 | -3/Quarantine | Repaired Biometal Leg+ 21313 | -3/Quarantine | Found Alien Slashing Weapon 21445 | -3/Quarantine | Identified exit to Research 21492 | -3/Quarantine | Found Alien Artifact 21492 | -3/Quarantine | Identified Phase Redirector 21498 | -3/Quarantine | System corruption reached 10% 21756 | -3/Quarantine | Spotted Fortress 21769 | -3/Quarantine | Core integrity fell below 50% 21812 | -3/Quarantine | Lost 4 parts (1p3u) 21844 | -3/Quarantine | Discovered new exit (range 6) 21844 | -3/Quarantine | Discovered new exit (range 6) 21849 | -3/Quarantine | Identified exit to Protoforge 21852 | -3/Quarantine | Identified exit to Section 7 21853 | -3/Quarantine | Entered Section 7 22007 | -3/Section 7 | Found Alien Artifact 22007 | -3/Section 7 | Identified Microwarp Drive 22113 | -3/Section 7 | Found Alien Artifact 22113 | -3/Section 7 | Identified Integrated Reactor 22113 | -3/Section 7 | Installed Integrated Reactor, increased core energy generation (+10) 22135 | -3/Section 7 | Found Alien Artifact 22135 | -3/Section 7 | Identified Integrity Redistributor 22135 | -3/Section 7 | Used Integrity Redistributor, redistributed integrity to core (+320) 22201 | -3/Section 7 | Found Alien Artifact 22201 | -3/Section 7 | Identified Core Reset Matrix 22201 | -3/Section 7 | Identified Sigix Broadsword 22201 | -3/Section 7 | Used Core Reset Matrix 22205 | -3/Section 7 | Detected hypermatrix surge 22205 | -3/Section 7 | Sensed 19 artifacts in vicinity 22365 | -3/Section 7 | Spotted S7 Guard 22385 | -3/Section 7 | Found Core Physics Calibrator 22391 | -3/Section 7 | Discovered exit to Research (range 12) 22403 | -3/Section 7 | Spotted S7 Guard 22410 | -3/Section 7 | Found Core Membrane 22410 | -3/Section 7 | Installed Core Membrane, gained immunity to corruption 22474 | -3/Section 7 | Spotted S7 Guard 22483 | -3/Section 7 | Found Navigation Efficiency Matrix 22483 | -3/Section 7 | Installed Navigation Efficiency Matrix, process failed with unexpected side effects 22522 | -3/Section 7 | Spotted S7 Guard 22528 | -3/Section 7 | Found Core Regenerator 22528 | -3/Section 7 | Used Core Regenerator, restored core integrity (+325) 22564 | -3/Section 7 | Scanned by Researcher 22574 | -3/Section 7 | Core integrity fell below 20% 22576 | -3/Section 7 | Destroyed by P-80 Master with Gamma Rifle Last Messages --------------- 22573_ P-80 Master destroyed. 22573_ K-01 Serf destroyed. 22573_ K-01 Serf collects debris. 22574_ Penetrated by Slug. 22574_ Slug penetrates Wall. 22574_ Penetrated by Slug. 22574_ Slug penetrates Wall. 22574_ U-05 Engineer lays Concrete. 22574_ Knocked back. 22575_ Acquired 20 matter. 22575_ U-05 Engineer lays Concrete. 22575_ Hcp. Storage Unit destroyed. 22576_ Acquired 10 matter. 22576_ U-05 Engineer lays Concrete. 22576_ Core Membrane filtered system corruption (1). 22576_ K-01 Serf collects debris. 22576_ Critical hit (Burn: +50). 22576_ Core Membrane filtered system corruption (1). Map ----- +----------------------------------------------------+ | ???# ! # # + ""#????????? | | ???# # + # """#????????? | | ???# # # # " "#????????? | | ???############# # # ""#????????? | | ??????????????## # # ""#????????? | | ???????????????# # # ""#????????? | | ####???????????############## # ""#????????? | | ????????????????????????# ########????????? | | ???????????????????????# #???????????????? | | ???????????????????????# #???????????????? | | ???????????????????????# #???????????????? | | #???######??????????????????# #???????????????? | | ????# ?????????????????# #???????????????? | | ????# ??????????????# #???????????????? | | #??# """"""" # ??????????# +???????????????? | | #??# """"""" + ???????????# #???????????????? | | #??# """"""" # ????"?"???# #???????????????? | | #??# # ????"?"???# #???????????????? | | #?## !%! # ??""G""??# #???????????????? | | #?#" * # ?????????# #???????????????? | | #??#+######### ##########p #???????????????? | | ##### ##??????# """"" g +???????????????? | | #??????# ""T"" p #???????????????? | | #??????# kug k! p #???????????????? | | #??????# """ =% #???????????????? | | #??????# "" |[[@! ####"#???????????????? | | ####+########## " []%g! #?###???????????????? | | # ! # "" *!* ##???????????????????? | | # """ $| # """ !%* #???????????????????? | | # " " $ # "" p [%% #???????????????????? | | # "" "" # "" !h= #####???????????????? | | # """"" # ! Y % """#???????????????? | | + # ^ % """"#???????????????? | | ############### g ""#???????????????? | | ??????????????# ^ """"#???????????????? | | ??????????????# + """#???????????????? | | ??????????????# # ""#???????????????? | | ??????????????# = # "#???????????????? | | ??????????????#[ ! ########???????????????? | | ??????????????# #######+###??????????????????????? | | ??????????????# ?????????????????????????????????? | | ??????????????#??????????????????????????????????? | | ?????????????????????????????????????????????????? | | ?????????????????????????????????????????????????? | | ?????????????????????????????????????????????????? | | ?????????????????????????????????????????????????? | | ?????????????????????????????????????????????????? | | ????????????"T???????????????????????????????????? | | ????????????""???????????????????????????????????? | | ?????????????????????????????????????????????????? | +----------------------------------------------------+ Best States ------------- Heat Dissipation 53 Coolant Potential 120 Energy Generation 55 Energy Capacity 700 Matter Stores 300 Matter Capacity 300 Sight Range 16 Robot Scan Range 20 Terrain Scan Range 16 Terrain Scan Density 10 Jamming Range 14 Cloak Strength 3 Additional Mass Support 16 Armor Coverage 1050 Resistance: TH 50 Core Shielding 20 Utility Shielding 66 Melee Speed Boost 40 Phase Shifting 10 Evasion (%) 92 Targeting Accuracy 8 Melee Accuracy 6 Core Analysis 8 Recoil Reduction 3 Force Boost 30 Offensive Hacking 10 Authchip Count 1 Item Schematics ----------------- Hvy. Proton Missile Launcher | -3/Section 7 | Archive Centrium Heavy Armor Plating | -3/Section 7 | Archive Ionic Axe | -3/Section 7 | Archive Robot Schematics ------------------ None Fabricated ------------ K-01 Serf | x4 | -6/Factory | Preloaded Repaired ---------- Mace | 27% | -8/Materials Myomer Leg | 4% | -3/Quarantine Carbon-fiber Leg | 16% | -3/Quarantine Biometal Leg | 23% | -3/Quarantine Studied --------- None Alien Tech Used ----------------- Phase Armor Subatomic Replicator Phase Redirector Microwarp Drive Integrated Reactor Integrity Redistributor Core Reset Matrix Core Physics Calibrator Core Membrane Navigation Efficiency Matrix Core Regenerator Sigix Broadsword Achievements -------------- Friends Forever King Drone Challenges ------------ None Game ------ Seed HybridBurstTube Manual? 0 Play Time 03:24:44 Cumulative 218.4 hours Start 2025.12.04 @ 22:13:57 End 2025.12.05 @ 01:42:25 Sessions 1 Manual Loads 0 Difficulty Rogue Special Mode None Game No. 149 Rogue 149 Adventurer 0 Explorer 0 Win Type - Total 7 Types 5/0/1/1/0/0/0/0/0/0 Lore% 84 Gallery% 76 Achievement% 60 Wizard Run 0 Options --------- Layout 1 ASCII 0 Keyboard 0 Movement Mouse Keybinds 0 Fullscreen 2 Font 24/Smallcaps Map View 50x35 Zoom Use 0% Tactical HUD 1 Map Filters NONE Filters NONE Steam 1 RUN: 631538e1-cade-498e-b0d1-aa749e7c4098